[Event "44th Chess Olympiad Open 2022"]
[Site "Chennai"]
[Date "2022.07.29"]
[Round "1.18"]
[White "Navara, David"]
[Black "Gerena Rivas, Eliam"]
[Result "1-0"]
[WhiteElo "2688"]
[BlackElo "2102"]
[Annotator "ChessBase"]
[PlyCount "110"]
[EventDate "2022.??.??"]
[TimeControl "60"]

1. e4 e6 2. d4 d5 3. Nd2 c5 4. Ngf3 cxd4 5. Nxd4 Nc6 6. Bb5 Bd7 7. Nxc6 bxc6 8. Bd3 Bc5 9. O-O Ne7 10. Qh5 Ng6 11. Nf3 Qc7 12. e5 Be7 13.
Re1 c5 14. Bg5 Bc6 15. Bxg6 fxg6 16. Qg4 Qd7 17. Bxe7 Qxe7 18. Ng5 Kd7 19. c4 h6 20. cxd5 Bxd5 21. Red1 Qxg5 22. Rxd5+ Ke7 23. Qxg5+ hxg5 24. Rxc5 Rhc8 25. Rac1 Rxc5 26. Rxc5 Rd8 27. g3 Rd2 28. Rc7+ Kf8 29. Rb7 g4 30. a3 a5 31. Rb5 a4 32. Rb4 Kf7 33. Rf4+ Ke7 34. Rxg4 Rxb2 35. Rxg6 Kf7 36. Rg4 Re2 37. Rxa4 Rxe5 38. h4 g6 39. Kg2 Re2 40. Kf3 Ra2 41. g4 Kf6 42. Ra5 Rc2 43. g5+ Ke7 44. Ra7+ Kd6 45. Rg7 Rc3+ 46. Kg4 Rxa3 47. Rxg6 Ra4+ 48. f4 Kd5 49. Rf6 Ra1 50. Kh5 Rh1 51. g6 Rg1 52. f5 exf5 53. Rxf5+ Ke6 54. Rg5 Rxg5+ 55. hxg5 Kd5 1-0

[Event "44th Chess Olympiad Open 2022"]
[Site "Chennai"]
[Date "2022.07.29"]
[Round "1.18"]
[White "Hracek, Zbynek"]
[Black "Fellman, Mike"]
[Result "1-0"]
[WhiteElo "2555"]
[BlackElo "2107"]
[Annotator "TA"]
[PlyCount "77"]
[EventDate "2022.??.??"]
[TimeControl "60"]

1. e4 c5 2. Nf3 d6 3. d4 Nf6 4. Nc3 cxd4 5. Nxd4 a6 6. Be3 e5 7. Nf3 Be7 8. Bc4 Be6 9. Bb3 {[%emt 0:10:21] The
main line 9.Bb3 scores better than 9.Bxe6. B90: Sicilian Najdorf: Unusual
White 6th moves, 6 Be3 Ng4 and 6 Be3 e5.} Bxb3 (9... O-O $11)
10. axb3 Nbd7 {[%emt 0:01:12] [#]} 11. Bg5 $146 {[%emt 0:00:
00] White is slightly better.} ({Predecessor:} 11. b4 Ng4 12. Nd5 Nxe3 13. Nxe3
Nf6 14. O-O Qb6 15. Qe1 Qc6 16. Nd2 Nxe4 17. Nxe4 Qxe4 {½-½ (24) Nielsen,
S-Roerholt,C Esbjerg 2005}) 11... Rc8 12. O-O O-O 13. Re1 Ne8 14. Be3 Nef6 15. Nd2 h6 16. Nf1 Qc7 17. Ng3 Rfd8 18. Nf5 Bf8 19. Qf3 {[%emt 0:00:08] White is much more active.} Qc6 (19... Re8 $14) 20. Rad1 $16 Kh7 {[%emt 0:03:
23] [#]} 21. g4 $1 Ng8 (
21... Re8 {was called for.} 22. h4 (22. g5 hxg5 23. Bxg5 Kg8 $18) 22... Nc5)
22. g5 $18 g6 23. Nh4 (23.
Nxd6 Bxd6 24. Qxf7+ Kh8 $16) 23... f5 24. exf5 Qxf3 25. fxg6+ ({Less strong is} 25. Nxf3
gxf5 26. gxh6 Re8 $16) 25... Kg7 26. Nxf3 Kxg6 27. Nh4+ Kh5 28. Nf5 hxg5 29. Nxd6 Bxd6 30. Rxd6 {[%emt 0:00:03] Ne4 is the strong threat.} Ndf6 {[%emt 0:00:
28] Inhibits Ne4.} 31. Red1 ({White should play} 31. Rb6 $18)
31... Rxd6 $16 32. Rxd6 Kg4 33. Kg2 Kf5 34. Bb6 Ne7 (34... Nh6 $16 {is a better defense.}) 35. Bd8 $18 Neg8 {[%emt 0:00:18] [#]} 36. Nd1 $1 {[%emt 0:01:39] Black must now
prevent Ne3+.} e4 37. Bxf6 (37. Ne3+ $18 Ke5
38. Rd2) 37... Nxf6 $16 38. Rb6 (38. Ne3+ $16
Ke5 39. Rb6) 38... Rc7 $2 (38... Nd5 $11 39. Rxb7 Rxc2) 39.
Ne3+ {[%emt 0:00:04] Weighted Error Value: White=0.17 (very precise) /Black=0.
23 (precise)} 1-0

[Event "44th Chess Olympiad Open 2022"]
[Site "Chennai"]
[Date "2022.07.29"]
[Round "1.18"]
[White "Zilleruelo Irizarry, Diego"]
[Black "Michalik, Peter"]
[Result "1/2-1/2"]
[WhiteElo "2081"]
[BlackElo "2559"]
[Annotator "TA"]
[PlyCount "90"]
[EventDate "2022.??.??"]
[TimeControl "60"]

1. e4 c6 2. d4 d5 3. exd5 cxd5 4. Bd3 Nc6 5. c3 Qc7 6. h3 g6 7. Nf3 {[%emt 0:00:27] B13: Caro-Kann: Exchange Variation and Panov-Botvinnik
Attack.} Bf5 8. Be3 {[%emt 0:01:57] [#] 8.Be2 is setting a
new trend.} e6 $146 ({Predecessor:} 8... Nf6 9. O-O Bg7 10.
Re1 Bxd3 11. Qxd3 O-O 12. Nbd2 Rfc8 13. Rad1 b5 14. Ne5 Qb7 15. Nb3 a6 16. Nc5
Qa7 17. c4 e6 {½-½ (17) Valet,R (2048)-Wuttke,H (2203) Germany 2012}) 9. O-O h5 10. Re1 Nf6 11. Ne5 Bd6 12. Bb5 Nd7 13. Nxd7 Qxd7 14. Bg5 Be7 {[%emt 0:06:17] Inhibits Bf6.} (14... O-O {with more
complications.} 15. Bf6 Be7 16. Be5 h4) 15. Bxe7 Qxe7 16. Nd2 g5 17. Qa4 Qd6 18. Re3 (18. Nb3 {is interesting.
} Ke7 19. Nc5 a6 20. Bd3) 18... O-O (18... Ke7 {is more
complex.} 19. Nf3 g4 20. Ne5 Nxe5 21. dxe5 Qc5) 19. Bxc6 bxc6 20. Qd1 Bg6 21. Qe2 Rfe8 22. Re1 Rab8 23. b4 a5 24. a3 ({
Reject} 24. bxa5 Rb2 $11) 24... axb4 25. axb4 ({Better is} 25. cxb4 $16 Ra8 26. Nf3) 25... Ra8 $14 26. Nf3 f6 {[%emt 0:01:29] The position is equal.} 27. Rxe6 Rxe6 28. Qxe6+ Qxe6 29. Rxe6 $11 {[%emt 0:00:05] Endgame KRB-KRN} Kf7 30. Rxc6 Ra1+ 31. Kh2 Ra2 32. c4 dxc4 33. Rxc4 Be4 34. Kg1 Ra1+ 35. Kh2 Ra2 {[%emt 0:00:09] Inhibits Nd2.} 36. Kg1 Rb2 37. Rc1 Rxb4 38. Rd1 Ke6 39. Nh2 Bc2 40. Re1+ Kf7 41. Rc1 Ba4 42. Nf3 Ke6 43. h4 g4 44. Nh2 f5 45. g3 Rxd4 {[%emt 0:09:51] Weighted Error Value: White=0.
05 (flawless) /Black=0.07 (flawless)} 1/2-1/2

[Event "44th Chess Olympiad Open 2022"]
[Site "Chennai"]
[Date "2022.07.29"]
[Round "1.18"]
[White "Rodriguez Santiago, Jaime"]
[Black "Nguyen, Thai Dai Van"]
[Result "0-1"]
[WhiteElo "2067"]
[BlackElo "2629"]
[Annotator "TA"]
[PlyCount "64"]
[EventDate "2022.??.??"]
[TimeControl "60"]

1. c4 e5 2. Nc3 Nf6 3. Nf3 Nc6 4. e3 Be7 5. d4 exd4 6. exd4 {[%emt 0:00:39] A28: English Opening: Four
Knights Variation.} d5 7. cxd5 Nxd5 8. Bb5 {[%emt 0:00:09] The position is equal.} O-O 9.
Bxc6 bxc6 10. O-O $1 Bg4 11. h3 Bh5 {[%emt 0:01:19] [#]} 12. Re1 $146 ({Predecessor:} 12. g4 Bg6 13. Ne5 Nxc3 14. bxc3 Bd6 15. Re1
Qh4 16. Kg2 Bxe5 17. Rxe5 f5 {1-0 (37) Zabala,F (1955)-Acevedo Del Rio,A (1835)
Medellin 2016}) 12... Bf6 13. Be3 Rb8 14. Na4 (14. Nxd5 $11 {keeps the balance.}
Qxd5 15. b3) 14... Re8 15. Rc1 Qd6 16. a3 {[%emt 0:08:52] [#]} ({White
should play} 16. b3 $15) 16... Re7 $1 $17 {[%emt 0:07:48] Strongly threatening
...Rbe8. Black is more active.} 17. g4 $2 {[%emt 0:11:52] This costs White the
game.} (17. Nc5 $17) 17... Nxe3 $19 ({Stronger than} 17... Bg6
18. Bd2 $15) 18. Rxe3 Rxe3 19. gxh5 Re7 20. h6 gxh6 21.
Qd2 Bg5 22. Nxg5 hxg5 23. Rc5 h6 24. d5 (24. Nc3 $142) 24... Rd8 25. Qc2 cxd5 {[%emt 0:02:12][%cal Yc6d5,Yd5e4,Ye4e3] ( -> ...Re1+)} 26. Rc6 Qf4 27. Rxh6 Re1+ 28. Kg2 Qe4+ 29. Qxe4 dxe4 30. Nc3 {[%emt 0:00:20] Inhibits Rdd1.} Rd2 31. b4 e3 32. Ne4 {[%emt 0:00:28] [#]
} f5 $1 {[%emt 0:02:53] Weighted Error Value: White=1.04/Black=0.34} 0-1

[Event "44th Chess Olympiad Open 2022"]
[Site "Chennai"]
[Date "2022.07.29"]
[Round "1.19"]
[White "Berkes, Ferenc"]
[Black "Alahakoon, Isuru"]
[Result "1-0"]
[WhiteElo "2649"]
[BlackElo "2000"]
[Annotator "TA"]
[PlyCount "91"]
[EventDate "2022.??.??"]
[TimeControl "60"]

1. d4 d5 2. c4 e6 3. Nc3 Nf6 4. cxd5 exd5 5. Bg5 c6 6. e3 Bd6 7. Bd3 O-O 8. Nge2 {[%emt 0:00:00] D35: Queen's Gambit Declined: Exchange Variation.}
Re8 9. Qc2 {[%emt 0:00:00][%cal Yd3h7] Black should prevent
Bxh7+!} h6 10. Bh4 {[%emt 0:00:00] White has an edge.} a5 11. h3 Na6 12. a3 {[%emt 0:
00:00] Prevents Nb4.} Nc7 13. O-O Ne6 14. Rae1 $5 {[%emt 0:00:00] Recently 14.f4 got a lot of
attention. Exploring less charted territory.} Ng5 (14... Be7
$11) 15. f4 $14 {[%emt 0:00:00] [#]} Nge4 $146 (15... Ne6 $142
) ({Predecessor:} 15... Ne6 16. Ng3 Bf8 17. f5 Ng5 18. Bxg5 hxg5 19. Qd1 Bd6
20. Nh5 Bc7 21. Nxf6+ Qxf6 {1-0 (50) Wu,R (2136)-Liang,J (2296) San Francisco
2019}) 16. Bxe4 $16 dxe4 {[%emt 0:03:26] [#]} 17. Nxe4 Bf5 $14 18. Bxf6 Bxe4 19. Qxe4 ({Much weaker is} 19. Bxd8 Bxc2 20.
Bb6 Rxe3 $17) 19... Qxf6 20. Qf3 Qe6 {
[%emt 0:02:56] Prevents e4.} 21. Ng3 {[%emt 0:00:00] Black is now going
downhill.} Qd5 22. Qxd5 cxd5 23. Kf2 g6 24. Ne2 a4 25. Nc3 Ra5 26. Ke2 f5 27. Kd3 Kf7 28.
g4 Be7 29. Re2 Rd8 30. Rg1 Rd6 (30... fxg4 $142 31. hxg4
(31. Rxg4 Rd6 $16) 31... Kg7) 31. gxf5 $18 gxf5 32. Reg2 {[%emt 0:00:00] [#] Threatens to win with Rg7+.} Bf8 {[%emt 0:00:
00] Prevents Rg7+.} 33. h4 Rb6 34. Kc2 Re6 35. Rg3 Re8 36. h5 Re6 37. R1g2 {
[%emt 0:00:00] White is clearly winning.} Re8 38. Kd3 Rd8 39. Rg6 Rd7 40. Rb6 Be7 41. Rxh6 {[%emt 0:04:32]
Strongly threatening Rh7+.} Bf6 42. Rh7+ Ke6 43. Rxd7 Kxd7 44. h6 Ra6 45. h7 Rb6 46. Rg6 {[%emt 0:00:00] Weighted Error Value: White=0.03 (flawless) /
Black=0.25 (precise)} (46. Nxd5 $142 Rb3+ 47. Kc2 Bxd4 48. exd4) 1-0

[Event "44th Chess Olympiad Open 2022"]
[Site "Chennai"]
[Date "2022.07.29"]
[Round "1.19"]
[White "Kantor, Gergely"]
[Black "De Silva, L M S T.."]
[Result "1/2-1/2"]
[WhiteElo "2582"]
[BlackElo "2212"]
[Annotator "TA"]
[PlyCount "62"]
[EventDate "2022.??.??"]
[TimeControl "60"]

1. d4 Nf6 2. c4 e6 3. Nf3 d5 4. Nc3 Bb4 5. Qa4+ Nc6 6. e3 dxc4 {
[%emt 0:03:16] D38: Queen's Gambit Declined: Ragozin Defence (4 Nf3 Bb4).} 7.
Bxc4 O-O 8. O-O Bd6 9. Rd1 Bd7 {[%emt 0:08:32][%cal Yc6d4,Yc8d7,
Yd7c6,Yc6d5,Yd5c4] [#] Strongly threatening ...Nxd4!} 10. Qc2 e5 {[%emt 0:06:51] [#]} 11. dxe5 $146 ({Predecessor:} 11. h3
a6 12. a3 Qc8 13. dxe5 Nxe5 14. Nxe5 Bxe5 15. e4 Bxh3 16. Nd5 Qg4 17. Bf1 Nxe4
{1-0 (45) Nowak,L (2270)-Koziol,K (2292) Dzwirzyno 2019}) 11... Nxe5 12. Nxe5 Bxe5 13. e4 Qe7 14. Bg5 Bc6 15. Re1 Qc5 (
15... Bxh2+ $5 16. Kh1 (16. Kxh2 Ng4+ 17. Kg1 Qxg5 $17) 16... Be5 $17) 16. Nd5
{[%emt 0:02:55] The position is equal.} Nxd5 (16... Bxd5 {
is more complex.} 17. exd5 Rae8 18. Be3 Bd4) 17. exd5 Bxd5 18. Rxe5 Qxc4 19. Qxc4 Bxc4 20. Rc5 Be6 21. Rxc7 f6 22. Be3 Rf7 23. Rc3 Rd7 24. h3 Bd5 25. Rd1 Bc6 26. Rxd7 Bxd7 $11 {[%emt 0:00:02] KRB-KRB}
27. Rc7 Bc6 28. g4 h6 29. f4 a6 30. Kf2 Rf8 31. a3 Rf7 {[%emt 0:00:13]
Weighted Error Value: White=0.03 (flawless) / Black=0.05 (flawless)} 1/2-1/2

[Event "44th Chess Olympiad Open 2022"]
[Site "Chennai"]
[Date "2022.07.29"]
[Round "1.19"]
[White "Liyanage, Ranindu Dilshan"]
[Black "Banusz, Tamas"]
[Result "1/2-1/2"]
[WhiteElo "2286"]
[BlackElo "2611"]
[Annotator "TA"]
[PlyCount "88"]
[EventDate "2022.??.??"]
[TimeControl "60"]

1. e4 c5 2. Nf3 Nc6 3. Bb5 g6 4. O-O Bg7 5. Re1 Nf6 6. c3 O-O 7. d4 d5 8. e5 Ne4 9. Bxc6 bxc6 10. Be3 $1 {[%emt 0:00:11] is now more promising
than 10.Nbd2. B31: Sicilian: 2...Nc6 3 Bb5 g6.} Rb8 11. Qc1 cxd4 12. cxd4 {[%emt 0:00:37] The position is
equal.} Bf5 13. Nc3 f6 14.
exf6 exf6 15. Bf4 Rc8 {
[%emt 0:07:46] [#]} 16. Nd2 $146 ({Predecessor:} 
16. Na4 g5 17. Be3 Qe8 18. Nd2 Nxd2 19. Bxd2 Qf7 20. Bb4 Rfe8 21. Qc3 h5 22.
Rxe8+ Rxe8 23. Qxc6 {½-½ (59) Vagman,R (2247)-Dubnevych,M (2065) Terme Catez
2022}) 16... g5 17. Ncxe4 dxe4 18. Qc4+ Kh8 19. Bg3 Bg6 20. Qc5 (20. Nxe4 $2 Bxe4 21. Rxe4 f5 $19
) 20... Rf7 21. Rad1 (21. Nxe4 $2 Bxe4 22.
Rxe4 f5 $19) 21... Bf8 22. Qc3 Qd5 23. Nc4 Rb7 24. a3 Bf7 25. Nd2 Re8 26. b4 Rd7 27. Nf1 Red8 (27... Qc4 $11 28. Qxc4 Bxc4) 28. Ne3 $16 Qe6 29. Rc1 Rxd4 30. Qxc6 Kg8 31. h4 h6 32. Qxe6 (32.
Qa4 $16) 32... Bxe6 $14 33. Nc2 (33. Rc6 $14
{stays ahead.} Kf7 34. Ra6) 33... Rc4 $17 34. Ne3 Rxc1 35. Rxc1 f5 {[%emt 0:00:07][%cal
Yf6f5,Yf5f4] [#] Strongly threatening ...f4.} 36. hxg5 (36.
Rc6 Bd7 37. Bc7 Rc8 $17) 36... hxg5 {[%emt 0:00:01] aiming for ...f4.} 37. Be5 f4 38. Bf6 Rd3 39. Nc2 g4 40. Nd4 Bd5 41. Ne2 {[%emt 0:09:06] [#]} Bh6 {[%emt 0:02:11] Hoping for ..
.f3.} ({Of course not} 41... Rxa3 $6 42. Nxf4 Ba2 43. Rc8 $11) (41... Kf7 42.
Be5 $11) 42. Be5 f3 ({But not} 42... Rxa3 43.
Nxf4 Bxf4 44. Bxf4 $14) 43. Nf4 Rd2 (43...
Bxf4 $17 44. Bxf4 Rxa3) 44. gxf3 $15 gxf3 {[%emt 0:03:49]
Weighted Error Value: White=0.14 (very precise) /Black=0.11 (very precise)} ({
Reject} 44... exf3 45. Rc8+ Kf7 46. Rc7+ Ke8 47. Nxd5 Rxd5 48. Bg3 $11) 1/2-1/2

[Event "44th Chess Olympiad Open 2022"]
[Site "Chennai"]
[Date "2022.07.29"]
[Round "1.19"]
[White "Kiriella, K G T S D.."]
[Black "Erdos, Viktor"]
[Result "0-1"]
[WhiteElo "1781"]
[BlackElo "2586"]
[Annotator "ChessBase"]
[PlyCount "58"]
[EventDate "2022.??.??"]
[TimeControl "60"]

1. e4 c5 2. Nf3 e6 3. d4 cxd4 4. Nxd4 Nc6 5. Nxc6 bxc6 6. c4 Nf6 7. Bd3 e5 8. Nc3 Bc5 9. Be3 Bxe3 10. fxe3 d6 11. h3 Be6 12. Qe2 Rb8 13.
O-O-O Qa5 14. Bc2 O-O 15. Ba4 Qc5 16. Bb3 Rb4 17. Na4 Qa5 18.
Nc3 Rd8 19. Rhf1 Qc5 20. Rxf6 gxf6 21. Qf3 h6 22. Kb1 Kh7 23. Na4 Qa5 24. Qxf6 Rg8 25. Nc3 Rxg2 26. c5 Rxb3 27. axb3 Bxb3 28. Rc1 Qb4 29. cxd6 Ba2+ 0-1

[Event "44th Chess Olympiad Open 2022"]
[Site "Chennai"]
[Date "2022.07.29"]
[Round "1.20"]
[White "Lupulescu, Constantin"]
[Black "Rongwane, Gomolemo"]
[Result "1-0"]
[WhiteElo "2628"]
[BlackElo "2033"]
[Annotator "TA"]
[PlyCount "114"]
[EventDate "2022.??.??"]
[TimeControl "60"]

1. c4 e5 2.
Nc3 d6 3. Nf3 Nd7 4. d4 Ngf6 5. e4 Be7 6. Be2 O-O 7. O-O c6 8. Qc2 a5 {[%emt 0:03:48] A55:
Old Indian Defence with Nf3 and e4.} 9. Be3 Qc7 {[%emt 0:00:
00] [#]} 10. Rac1 $146 ({Predecessor:} 10. h3 Re8 11. Rfe1 Bf8
12. Bf1 h6 13. Rad1 b6 14. d5 Bb7 15. Rc1 Rac8 16. Qb1 Qb8 17. a3 Qa8 18. Nd2
Be7 19. Be2 Bd8 20. Bd1 Nf8 21. b4 N6d7 {½-½ (21) Filip,L (2385)-Manolache,M
(2472) Targu Mures 2022}) 10... Re8 {[%emt 0:01:56] White is slightly better.}
11. Nd2 Nf8 12. d5 c5 13. f3 Ng6 14. g3 Bh3 15. Rf2 h5 16.
Bf1 Qd7 17. Bxh3 Qxh3 18. Nf1 Nh7 19. Bd2 Ngf8 ({Black should try} 19... h4 $14) 20. Nb5 Qd7 {[%emt 0:04:38] Prevents Nc7.} 21. Ne3 g6 (21... Ng6 $16 22. h4 Red8) 22. h4 $18 Qd8 23. Kf1 Nd7 24. Ke2 Nb8 25. Rg1 Na6 26.
Rh2 (26. g4 $18 {And now gxh5 would win.} Nf6 27. g5) 26...
Nc7 27. Nxc7 {[%emt 0:12:02] White is much more active.} Qxc7 28. g4 {[%emt 0:00:08] [#] Hoping for gxh5.} Nf6 29. Nd1 hxg4 (29... b5 $16) 30. fxg4 Qd7 31. Ne3 b5 (31... Kg7 $16) 32. h5 bxc4 (32... g5
$142 33. Nf5 Nh7) 33. hxg6 (33. Qxc4 Reb8 $16) 33... fxg6 34. Nxc4 Bf8 {[%emt 0:00:00] [#]} 35. Kd1 $1 (35. Bxa5 $6 Re7 $16) 35... Reb8 36. Kc1 (36. Bxa5 Rb5 $11) 36... Ne8 $2 (36... Bg7 37. Bg5 (37. Bxa5 Rb5 $11) 37... Ra6 38. Bxf6 Bxf6)
37. Qd3 Qb5 $2 (37... Nf6 38. Qh3 (38. Bxa5
Rb7 $16) 38... Qh7) 38. Kb1 {[%emt 0:00:35][%cal Yd3h3] Black must now prevent
Qh3!} Bg7 39. Bh6 Nf6 40.
Bg5 {[%emt 0:00:54] aiming for Bxf6.} Rf8 41. Qc2 Qa6 42. a4 Rf7 43. Bd2 Raf8 44. Nxa5 ({Weaker is} 
44. Bxa5 Nxe4 45. Qxe4 Rf1+ 46. Rxf1 Rxf1+ 47. Be1 Rf4 $14) 44... Ra8 45. b3 Qb6 (45... Ne8 {was necessary.
} 46. Ka2 Rf3) 46. Nc4 Qb8 47. Ka2 Nd7 48. Bh6 Rf3 49.
Bxg7 Kxg7 50. Rf2 Rf8 (50... Qf8 $142 51. Rxf3 Qxf3 52. Nxd6 Rf8) 51. Rgf1 Qc7 52. Rxf8 Nxf8 53. Qh2 {[%emt 0:01:02] Rh1 would kill now.} Qd7 54. Rh1 {
[%emt 0:00:32] White mates.} Qe7 55. Qh8+ Kf7 56. Rf1+ Ke8 57. Qg8 Rb8 {[%emt 0:03:26] Weighted Error Value: White=0.19 (very
precise) /Black=0.44} 1-0

[Event "44th Chess Olympiad Open 2022"]
[Site "Chennai"]
[Date "2022.07.29"]
[Round "1.20"]
[White "Gavrilescu, David"]
[Black "Monnaatsheko, Keletshabile"]
[Result "1-0"]
[WhiteElo "2525"]
[BlackElo "2014"]
[Annotator "TA"]
[PlyCount "114"]
[EventDate "2022.??.??"]
[TimeControl "60"]

1. e4 e6 2. d4 d5 3. e5 Bd7 4. Nf3 a6 5. c3 Ne7 6. Bd3 {[%emt 0:00:28] C02: French: Advance Variation.} Bb5 7. Bc2 {[%emt 0:01:19] [#]} Nf5 $146 (7... a5
$14) ({Predecessor:} 7... a5 8. a4 Ba6 9. Na3 h6 10. b4 axb4 11. cxb4 Bc4 12.
Bd2 c6 13. Qb1 b5 {½-½ (34) Szerszen,K (1960)-Van Dam,J (2070) ICCF email
2019}) 8. a4 $16 {[%emt 0:01:22] White is better.} Bd7 9. O-O Be7 10. g4 Nh4 11. Nxh4 Bxh4 12. f4 Be7 13. b4 {[%emt 0:03:19][%cal
Yb2b4,Yb4b5] Against c5} a5 ({Black should play} 13... Bf8 $14
) 14. b5 c6 15. Bd3 {[%emt 0:00:00] White is
more active.} Bc8 16. f5 Nd7 (16... c5 $142 17. Qf3 h6) 17. Qf3 {[%emt 0:05:33] Strongly threatening fxe6.}
Nb6 {[%emt 0:02:26] [#]} 18. f6 $1 gxf6 19.
exf6 Bd6 20. Bh6 Kd7 21. Nd2 (21. Qh3 $18) 21... c5 $2 {[%emt 0:08:
46] Loses the game.} (21... Kc7 $16 {was necessary.}) 22. dxc5 Bxc5+ 23. Kh1 e5 (23... Kc7
{might work better.} 24. c4 e5 25. cxd5 Kb8) 24. Qf5+ $18 Kc7 25. Qxe5+ Bd6 26. Qd4 Be6 (26... Kb8 $142 27. Rae1 Ka7) 27. Nf3 Nd7 28. Bf4 Bxf4 29. Qxf4+ Kb6 30. Bf5 (
30. Nd4 Nc5 $18) 30... Qxf6 (30... Bxf5 31. Qxf5 Nc5) 31. Qd6+ Ka7 32. b6+ Nxb6 33. Nd4 {[%emt 0:02:25][%cal Yf3d4,Yd4b5,Yb5c7] [#] Intending Rfb1 and
mate.} Qd8 34. Nb5+ Ka6 35.
Nc7+ Ka7 36. Qc5 Kb8 37. Nxa8 ({Not} 37. Qxb6 Qxc7 38. Rab1 Qxb6
39. Rxb6 Kc7 $15) ({Less strong is} 37. Nxe6 fxe6 38. Bxe6 Re8 $16) 37... Nxa8 38. Bxe6 fxe6 39. Rf7 {
[%emt 0:00:14] Prevents Qc7. Hoping for Raf1.} Qb6 40. Qxb6 Nxb6 {[%emt 0:00:02] Endgame KRR-KRN} 41. Rb1 Ka7 42. Re7 Rc8 43. Rb5 Rxc3 44. Rxa5+ Kb8 45. Rb5 Nxa4 (45... Rc7 $18 46. Rxe6
Nc8 47. Rxd5 Ne7) 46. Rbxb7+ Kc8 47. Rxh7 (47. Ra7 $142 Kb8 48. Reb7+ Kc8 49. Rxh7) 47... d4 48. Rbe7 {[%emt 0:00:04][%cal Rh7h8] White mates.} Kb8 49. Rh8+ Rc8 50. Rxc8+ Kxc8 51. Rxe6 {[%emt 0:00:03] KR-KN} d3 52. Rd6 Nb2 53. g5 Kc7 54. Rd4 Kc6 55.
g6 Kc5 56. Rxd3 Nxd3 57. g7 Kd5 {[%emt 0:00:32] Weighted Error
Value: White=0.12 (very precise) /Black=0.63} 1-0

[Event "44th Chess Olympiad Open 2022"]
[Site "Chennai"]
[Date "2022.07.29"]
[Round "1.20"]
[White "Oratile, Kgotlane"]
[Black "Parligras, Mircea-Emilian"]
[Result "0-1"]
[WhiteElo "2024"]
[BlackElo "2576"]
[Annotator "ChessBase"]
[PlyCount "104"]
[EventDate "2022.??.??"]
[TimeControl "60"]

1. e4 c5 2. Nf3 d6 3. d3 Nc6 4. g3 g6 5. Bg2 Bg7 6. O-O e5 7. Nc3 Nge7 8.
Nd2 O-O 9. Nc4 Be6 10. Nd5 b5 11. Nce3 Rb8 12. a4 b4 13. Nc4 Qd7 14. a5 f5 15. c3 bxc3 16. bxc3 f4 17. Bd2 g5 18. Qa4 f3 19. Nxe7+ Nxe7 20. Qxd7 Bxd7 21. Bh1 g4 22. Nxd6 Be6 23. Be3 Rfd8 24. Bxc5 Nc6 25. Nf5 Rxd3 26. Ne3 Rb5 27. Bb4 Nxb4 28. cxb4 Rxb4 29. h3 h5 30. hxg4 hxg4 31. Rac1 Rxe4 32. Rc6 Kf7 33. Rb1 Rd7 34. a6 Red4 35. Rb7 e4 36. Rcc7 Rxc7 37. Rxc7+ Rd7 38. Rb7 Rxb7 39. axb7 Be5 40. Kf1 a5 41. Ke1 a4 42. Kd2 a3 43. Nc2 a2 44. Ke3 Bd5 45. b8=Q Bxb8 46. Kd4 Ke6 47. Kc3 Be5+ 48. Kb4 a1=Q 49. Nxa1 Bxa1 50. Kc5 Ke5 51. Bg2 fxg2 52. Kb5 g1=Q 0-1

[Event "44th Chess Olympiad Open 2022"]
[Site "Chennai"]
[Date "2022.07.29"]
[Round "1.20"]
[White "Sabure, Bojosi"]
[Black "Jianu, Vlad-Cristian"]
[Result "0-1"]
[WhiteElo "1966"]
[BlackElo "2511"]
[Annotator "TA"]
[PlyCount "70"]
[EventDate "2022.??.??"]
[TimeControl "60"]

1. e4 d6 2. g3 g6 3. Bg2 Bg7 4. Nf3 Nf6 5. c3 O-O 6. Qc2 {[%emt 0:00:08] B07: Pirc Defence: Miscellaneous Systems.} c5 7. O-O Nc6 8. d4 {[%emt 0:00:
00] The position is equal.} cxd4 {[%emt 0:06:57] [#]} 9. Nxd4 $146 ({Predecessor:} 9. cxd4 Bg4 10. Be3 Rc8 11. Nc3 b5 12. Qd3 b4 13. Nd5 Bxf3
14. Bxf3 e5 15. Bg5 Nxd4 {1-0 (36) Szieberth,A (2330)-Gyurkovics,M (2260)
Hungary 1995}) 9... Bd7 10. Nxc6 Bxc6 11. Nd2 Rc8 12. Re1 Qc7 13. Nb3 b6 14.
a4 Ba8 15. h3 Nd7 16. Be3 Rb8 17. Rac1 Rfc8 18. Kh2 a6 19. f4 b5 20. axb5 axb5 21. f5 (21. Qf2 $11) 21... Ne5 22. fxg6 hxg6 23. Bd4 (23. Nd4 $15) 23... b4 $17 24. Qd1 Qd7 25. Ra1 Qe6 {[%emt 0:00:00] [#]
Hoping for ...bxc3.} 26. Nc1 bxc3 27. Bxc3 Nc4 {[%emt 0:02:19] Black is more active.} 28. Bxg7 (28. Nd3 $17) 28... Kxg7 $19 29. Qd4+ Qe5 30. Qxe5+ Nxe5 31. Re2 Bc6 32. Ra7 $2 (32. Rd2)
32... Bb5 $1 {[%emt 0:01:44][%csl Yc1,Ye2] Black is clearly winning.} 33. Re1 Rc2 {[%emt 0:00:30] White must now prevent . ..Nf3+.} 34. Kh1 Rbc8 35. Nb3 {[%emt 0:02:00] [#]} Rxg2 $1 {
[%emt 0:01:07] Weighted Error Value: White=0.58/ Black=0.07 (flawless)} 0-1

[Event "44th Chess Olympiad Open 2022"]
[Site "Chennai"]
[Date "2022.07.29"]
[Round "1.21"]
[White "Can, Emre"]
[Black "Garcia Cuestas, Kevin"]
[Result "1-0"]
[WhiteElo "2606"]
[BlackElo "1984"]
[Annotator "TA"]
[PlyCount "41"]
[EventDate "2022.??.??"]
[TimeControl "60"]

1. e4 d6 2. d4 Nf6 3. Nc3 g6 4. Bg5 Bg7 5. Qd2 c6 6. Bh6 O-O 7. h4 {[%emt 0:05:25] [#]} Re8 $146 {[%emt 0:07:57] B07: Pirc Defence:
Miscellaneous Systems.} (7... c5 $14 8. Bxg7 Kxg7) ({Predecessor:} 7... Nbd7 8.
h5 b5 9. hxg6 fxg6 10. Bxg7 Kxg7 11. Qh6+ Kg8 12. Nf3 e5 13. O-O-O Qe7 14. Ng5
Nb6 15. dxe5 dxe5 {1-0 (38) Padmini,R (2370)-Skovgaard,P (2327) Chess.com INT
2020}) 8. Bxg7 $16 {[%emt 0:03:51] White is more active.} Kxg7 9. h5 $1 {[%emt 0:00:25] [#] hxg6 is the strong threat.} Nxh5 (9... e5 $16 {was necessary.}) 10. Be2 $18 {[%emt 0:01:33] aiming for g4.} e5 11. Bxh5 gxh5 12. Rxh5 {
[%emt 0:02:19] Hoping for Qh6+.} Qf6 {[%emt 0:00:28] Prevents Qh6+.} 13. Nge2 exd4 14. Nxd4 Re5 15. Rh2 Bf5 $2 {[%emt 0:04:14] [#]} (15... Qg5 16. g4
Qxd2+ 17. Kxd2 Re8) 16. Nxf5+ {[%emt 0:04:57] White is clearly winning.} Qxf5 17. Qh6+ Kg8 18. Rh3 Qg6 19. Rg3 Nd7 20. Rxg6+ fxg6 21. O-O-O {[%emt 0:01:01]
Black got outplayed after the opening. Weighted Error Value: White=0.03 
(flawless) /Black=0.52} 1-0